[Event "10th Cherry Blossom Classic 2023"]
[Site "Dulles"]
[Date "2023.05.27"]
[Round "4.16"]
[White "Ismayilova, Khanim"]
[Black "Sriniaiyer, Sudarshan"]
[Result "0-1"]
[ECO "A17"]
[WhiteElo "1562"]
[BlackElo "2211"]
[Annotator "TA"]
[PlyCount "112"]
[EventDate "2023.05.24"]
[EventType "swiss"]
[EventCountry "USA"]
[SourceTitle "playchess.com"]
[Source "ChessBase"]
[SourceQuality "1"]
[TimeControl "5400+30"]

1. c4 e6 2. Nc3 d5 3. e3 Nf6 4. Nf3 a6 5. b3 Bd6 6. Bb2 {[%emt 0:00:58] A17: English Opening: 1...Nf6 with ...Bb4.} b6 7. d4 Bb7 8. cxd5 {[%emt 0:01:54] The position is equal.} exd5 9. Bd3 Nbd7 {[%emt 0:00:48] Repels Ne5} 10. Qc2 Qe7 {[%emt 0:01:40] [#]} 11. Ne2 $146 ({Predecessor:} 11. O-O O-O 12. Ne2 Ne4 13. Ng3 f5 14. Rac1 c6 15. Rfe1 g5 16. Nd2 g4 17. Ndf1 {1-0 Derakhshani,B (2380)-Johnson,D (2189) London Mindsports IM-A 2023 (3)}) 11... O-O 12. Ng3 g6 {[%emt 0:01:00] Wards off Nf5} 13. Nd2 Rfe8 14. O-O c5 15. Nf3 Rac8 16. Qe2 a5 (16... b5 {deserves consideration.} 17. dxc5 Nxc5) 17. Ba6 (17. Bb5 $11) 17... Bxa6 $15 18. Qxa6 Ra8 (18... Bxg3 $1 $15 19. hxg3 c4) 19. Qb5 {[%emt 0:01:50] [#]} a4 $1 20. Rac1 Rec8 21. Qd3 axb3 22. axb3 Ra2 {[%emt 0:00:11] Hoping for ...Bxg3.} 23. Rc2 {[%emt 0:01:04] [#] White is on the road to losing.} (23. Qb1 $11 {keeps the balance.} Ra7 24. Rfd1) 23... c4 $1 $17 {[%emt 0:01:42][%mdl 512] Black is more active.} 24. Qe2 (24. Qd1 b5) 24... b5 25. e4 $2 (25. bxc4 dxc4 26. Ra1 Rxa1+ 27. Bxa1) 25... Bxg3 (25... Nxe4 $2 26. Nxe4 Qxe4 27. Qd1 $19) 26. hxg3 Qxe4 (26... Nxe4 $2 {loses.} 27. Bc1 Rxc2 28. Qxc2 $19) (26... dxe4 $2 27. bxc4 bxc4 28. Rfc1 $19) 27. Qxe4 (27. Qd1) 27... Nxe4 $19 28. Ra1 Rca8 29. Rxa2 Rxa2 30. bxc4 dxc4 31. Ne1 {[%emt 0:00:51] [#]} c3 32. Bc1 Ra4 {[%emt 0:09:13] White must now prevent ...b4.} 33. f3 Nxg3 34. Kh2 Nf5 35. Rxc3 f6 ({Not} 35... Nxd4 36. Rc8+ Kg7 37. Bb2 $17) 36. d5 (36. Rc7 $17 Rxd4 37. Bb2) 36... Rd4 37. Rd3 (37. g4 $142 Ne7 38. Rc7 Rxd5 39. Ng2) 37... Rc4 ({Black should try} 37... Kf7 $19 {Threatens to win with ...b4.} 38. Rxd4 Nxd4) 38. Bd2 (38. Bb2 $17) 38... Kf7 39. f4 (39. g4 $142 Ne5 40. Ra3 (40. gxf5 $2 Nxd3 41. fxg6+ hxg6 $19)) 39... Nc5 40. Ra3 Na4 {[%emt 0:02:09] A dynamic duo of knights.} (40... b4 $142 41. Ra8 Ne4) 41. Nf3 Nd4 42. d6 (42. Ba5 {was necessary.}) 42... Nxf3+ 43. Rxf3 {[%emt 0:00:19][%mdl 4096] Endgame KRB-KRN} Rd4 {[%emt 0:00:04] Prevents Rd3} 44. Be1 Rxd6 45. Rb3 Rd5 46. Bf2 (46. g4 $142) 46... Ke6 47. Kg3 (47. g4 $142) 47... Nc5 48. Bxc5 Rxc5 {[%emt 0:00:02] KR-KR} 49. Kf3 Kd5 50. Rd3+ (50. Rb1 $142) 50... Kc4 51. Rd7 b4 52. Rxh7 b3 {[%emt 0:00:02] Black mates.} 53. Rb7 Rb5 54. Rc7+ Kb4 55. Rc1 b2 56. Rb1 Kc3 {[%emt 0:00:02] Weighted Error Value: White=0.67/Black=0.28 (precise)} 0-1

[Event "10th Cherry Blossom Classic 2023"]
[Site "Dulles"]
[Date "2023.05.27"]
[Round "4.17"]
[White "Michelle Catherina, P."]
[Black "Slate, Kent"]
[Result "0-1"]
[ECO "B33"]
[WhiteElo "2193"]
[BlackElo "1989"]
[Annotator "TA"]
[PlyCount "66"]
[EventDate "2023.05.24"]
[EventType "swiss"]
[EventCountry "USA"]
[SourceTitle "playchess.com"]
[Source "ChessBase"]
[SourceQuality "1"]
[TimeControl "5400+30"]

1. e4 c5 2. Nf3 Nc6 3. d4 cxd4 4. Nxd4 Nf6 5. Nc3 e5 6. Ndb5 d6 7. Bg5 a6 8. Na3 b5 9. Nd5 Be7 10. Bxf6 Bxf6 11. c4 b4 {[%emt 0:00:06] B33: Sicilian: Pelikan and Sveshnikov Variations.} 12. Nc2 O-O 13. g3 a5 {[%emt 0:00:08] The position is equal.} 14. Bg2 g6 {[%emt 0:02:10] is the new trend.} 15. O-O Be6 16. Qd3 Bg7 17. Rad1 Rb8 18. b3 Kh8 {[%emt 0:05:04] [#]} 19. Qe2 $146 ({Predecessor:} 19. Nde3 Qb6 20. Kh1 Rbd8 21. f4 f5 22. exf5 gxf5 23. Nd5 Qa7 24. Bh3 e4 25. Qe2 {1-0 Carbonell Sancho,M (2276)-Blanco Acevedo,C (2355) ESP-chT CECLUB Div2 2021 (6.3)}) 19... Qd7 20. Rd2 Rbd8 21. Rfd1 Qa7 22. h4 f5 (22... Kg8 $11 {is superior.}) 23. exf5 $14 Bxf5 24. Be4 $2 (24. Nde3 $14 {stays ahead.} Nd4 25. Nxd4 exd4 26. Nxf5 Rxf5 27. Bd5) 24... Bh6 $17 25. Bxf5 gxf5 ({Inferior is} 25... Bxd2 26. Bxg6 Bf4 27. gxf4 hxg6 28. Qg4 $17) 26. Nde3 f4 27. Ng4 {[%emt 0:17:09] [#]} fxg3 $1 {[%emt 0:11:43][%mdl 64] Discovered Attack} ({And not} 27... f3 28. Qe4 Bxd2 29. Qxc6 $15) 28. Rxd6 {[%emt 0:02:13] [#]} Nd4 $1 {[%emt 0:01:31] The board is on fire.} 29. Nxd4 {[%emt 0:06:59] This costs White the game.} (29. Qxe5+ $17 {is tougher.} Bg7 30. R1xd4 Bxe5 31. Rxd8 gxf2+ 32. Kf1 Bxd4 33. Rxf8+ Kg7 34. Rf4) 29... Rxd6 $19 30. Nxh6 (30. Nf3 $19 Rxd1+ 31. Qxd1) 30... gxf2+ (30... Rxd4 $2 31. Qxe5+ Qg7 32. Qxd4 $18) 31. Kh2 Rxh6 (31... Rxd4 $142 32. Qxe5+ Qg7 33. Nf7+ Rxf7 34. Qxd4 Qxd4 35. Rxd4 f1=Q 36. Rd8+ Kg7 37. Rd2 Qf4+ 38. Kg2 Qxd2+ 39. Kg3 Qe3+ 40. Kh2 Rf2+ 41. Kh1 Qe1#) 32. Qxe5+ Qg7 33. Qe4 Qf6 {[%emt 0:00:27] Artfully played by Slate.   Weighted Error Value: White=1.09/Black=0.36} 0-1

[Event "10th Cherry Blossom Classic 2023"]
[Site "Dulles"]
[Date "2023.05.27"]
[Round "4.18"]
[White "Su, Kevin"]
[Black "Williams, Justus"]
[Result "0-1"]
[ECO "C54"]
[WhiteElo "2038"]
[BlackElo "2396"]
[Annotator "TA"]
[PlyCount "66"]
[EventDate "2023.05.24"]
[EventType "swiss"]
[EventCountry "USA"]
[SourceTitle "playchess.com"]
[Source "ChessBase"]
[SourceQuality "1"]
[TimeControl "5400+30"]

1. e4 e5 2. Nf3 Nc6 3. Bc4 Bc5 4. O-O Nf6 5. d3 h6 6. c3 d6 7. Re1 O-O {[%emt 0:01:08] C54: Giuoco Piano: 4 c3 Nf6, main lines with 5 d4 and 5 d3.} 8. Nbd2 Ne7 9. d4 Bb6 {[%emt 0:00:03] [#] The position is equal.} 10. Bd3 $146 (10. h3 $5 ) ({Predecessor:} 10. a4 c6 11. dxe5 Ng4 12. Rf1 Ng6 13. exd6 Qxd6 14. Be2 Be6 15. a5 Bc7 16. g3 {1-0 Anand,V (2757)-Mamedyarov,S (2772) Bucharest Superbet blitz 2019 (2)}) 10... exd4 11. cxd4 Nc6 12. d5 {[%emt 0:08:16] [#]} Ng4 $1 13. Rf1 (13. dxc6 $2 Nxf2 14. Qc2 Nxd3+ 15. Kh1 Nxe1 16. Nxe1 f5 17. exf5 bxc6 $19) 13... Nce5 14. Nc4 {[%emt 0:07:32] [#]} ({White must play} 14. Nxe5 $15 Nxe5 15. Nc4) 14... Nxc4 $1 $17 15. Bxc4 Qe7 ({Better is} 15... f5 $17 16. e5 dxe5) 16. Bd3 f5 {[%emt 0:01:45] Black is more active. Black converts the advantage convincingly.} 17. exf5 (17. Qc2 $1 $15) 17... Bxf5 18. h3 (18. Bxf5 $17 Rxf5 19. Bd2) 18... Bxd3 19. Qxd3 Nxf2 20. Rxf2 Rxf3 {[%emt 0:00:22][%mdl 64] Remove Defender} (20... Bxf2+ 21. Kxf2 Rae8 22. Bd2 $14) 21. gxf3 {[%emt 0:11:15][%cal Og1f1] And now Kf1! would win.} Qe1+ {[%emt 0:00:19][%mdl 64] Pin, Double Attack} (21... Bxf2+ 22. Kxf2 Qh4+ 23. Kg2 $16) 22. Qf1 Bxf2+ {[%emt 0:00:07] White is weak on the dark squares} 23. Kg2 Qxf1+ 24. Kxf1 $19 {[%emt 0:00:06][%mdl 4096] Endgame KRB-KRB} Bd4 25. Bd2 Rf8 (25... Bxb2 26. Rb1 Bd4 27. Rxb7) 26. Ke2 Rf5 (26... Bxb2 $2 27. Rb1 Bd4 28. f4 $19) 27. Rd1 Re5+ (27... Rxd5 28. Be3 c5 29. Bxd4 cxd4 30. b4 $19) (27... Bxb2 $2 {perishes.} 28. Bc1 Bf6 29. f4 $19) 28. Kd3 Rxd5 (28... Bxb2 $2 {is the wrong capture.} 29. Kc2 Bd4 30. Ba5 $19) 29. Ke4 c6 30. Bf4 (30. Rb1 $142) 30... Be5 {[%emt 0:00:40][%mdl 64] Discovered Attack. Black is clearly winning.} ({Worse is} 30... Bxb2 31. Rxd5 cxd5+ 32. Kxd5 $15) 31. Rxd5 (31. Rd2 $142 Rxd2 32. Bxd2) 31... cxd5+ 32. Ke3 g5 33. Bxe5 dxe5 {[%emt 1:07:09] Weighted Error Value: White=0.83/Black=0.03 (flawless)} 0-1

[Event "10th Cherry Blossom Classic 2023"]
[Site "Dulles"]
[Date "2023.05.27"]
[Round "4.20"]
[White "Baim, Elvin"]
[Black "Senft, Sean"]
[Result "0-1"]
[ECO "E81"]
[WhiteElo "1728"]
[BlackElo "2089"]
[Annotator "NA RC"]
[PlyCount "70"]
[EventDate "2023.05.24"]
[EventType "swiss"]
[EventCountry "USA"]
[SourceTitle "playchess.com"]
[Source "ChessBase"]
[SourceQuality "1"]
[TimeControl "5400+30"]

1. d4 Nf6 2. c4 g6 3. Nc3 Bg7 4. e4 d6 5. f3 O-O 6. Be3 Nbd7 7. Qd2 c5 8. d5 Ne5 9. Be2 a6 10. g4 e6 11. g5 Ne8 12. Rd1 exd5 13. Nxd5 Be6 14. h3 Bxd5 15. cxd5 b5 16. f4 Nc4 17. Bxc4 bxc4 18. Nf3 Rb8 19. e5 Qb6 20. Rh2 Nc7 21. Re2 Rbd8 22. Qc2 Qb5 23. a4 Qd7 24. exd6 Ne8 25. Bxc5 Nxd6 26. Ne5 Qxh3 27. Rh2 Qc8 28. Nc6 Rfe8+ 29. Re2 Rxe2+ 30. Qxe2 Re8 31. Ne7+ Rxe7 32. Qxe7 Qxc5 33. Qd8+ Bf8 34. Rd2 Qg1+ 35. Ke2 Ne4 0-1

[Event "10th Cherry Blossom Classic 2023"]
[Site "Dulles"]
[Date "2023.05.27"]
[Round "4.21"]
[White "ADU, Oladapo"]
[Black "Vinod, Aarush"]
[Result "1/2-1/2"]
[ECO "E73"]
[WhiteElo "2081"]
[BlackElo "1914"]
[Annotator "NA RC"]
[PlyCount "90"]
[EventDate "2023.05.24"]
[EventType "swiss"]
[EventCountry "USA"]
[SourceTitle "playchess.com"]
[Source "ChessBase"]
[SourceQuality "1"]
[TimeControl "5400+30"]

1. d4 Nf6 2. c4 g6 3. Nc3 Bg7 4. e4 d6 5. Be2 O-O 6. Be3 e5 7. d5 Na6 8. h4 Nc5 9. Qc2 c6 10. h5 cxd5 11. cxd5 Qa5 12. h6 Bh8 13. Bd2 Bd7 14. Nf3 b5 15. b4 Qxb4 16. Rb1 Qa3 17. Bxb5 Bxb5 18. Rxb5 Rfc8 19. Ng5 Rab8 20. O-O Rxb5 21. Nxb5 Qa6 22. Nc3 Ng4 23. Nh3 Qc4 24. Qb1 Bf6 25. Nb5 Be7 26. Nxa7 Re8 27. Nc6 Bf8 28. f3 Qe2 29. Qd1 Qxd1 30. Rxd1 Nf6 31. Rb1 Nfd7 32. g4 Ra8 33. Rb2 f5 34. gxf5 gxf5 35. Be3 fxe4 36. Rg2+ Kf7 37. Ng5+ Ke8 38. Nxh7 exf3 39. Nxf8 Kxf8 40. Rg7 Rxa2 41. Bg5 Rg2+ 42. Kh1 Ne4 43. Be7+ Ke8 44. Rxg2 fxg2+ 45. Kxg2 Ndf6 1/2-1/2

[Event "10th Cherry Blossom Classic 2023"]
[Site "Dulles"]
[Date "2023.05.27"]
[Round "4.22"]
[White "Aripov, Iskandar"]
[Black "Prem, Pranav"]
[Result "1-0"]
[ECO "D35"]
[WhiteElo "2211"]
[BlackElo "2061"]
[Annotator "TA"]
[PlyCount "99"]
[EventDate "2023.05.24"]
[EventType "swiss"]
[EventCountry "USA"]
[SourceTitle "playchess.com"]
[Source "ChessBase"]
[SourceQuality "1"]
[TimeControl "5400+30"]

1. d4 d5 2. c4 e6 3. Nc3 Nf6 4. Nf3 Be7 5. cxd5 exd5 6. Bf4 c6 7. Qc2 O-O 8. e3 {[%emt 0:00:15] 8.h3 is vanishing.} Nbd7 9. Bd3 b6 {[%emt 0:09:50] D35: Queen's Gambit Declined: Exchange Variation.} 10. O-O Bb7 11. Rfd1 g6 {[%emt 0:04:33] The position is equal.} 12. h3 {[%emt 0:07:12] [#]} Rc8 $146 ({Predecessor:} 12... Re8 13. Rac1 Rc8 14. a3 Nh5 15. Bh2 Nhf6 16. b4 Bf8 17. Qb3 Qe7 18. Rb1 Ne4 19. Bxe4 dxe4 {½-½ Lopez Azambuja,N (2236)-Carvalho,G (2130) URU-ch sf2 Colonia del Sacramento 2023 (6)}) 13. Qe2 b5 14. Ne5 Re8 15. Qf3 Nf8 16. Bg5 N8d7 17. Nxd7 Nxd7 18. Bf4 a5 (18... Nf8 {keeps more tension.} 19. Be5 a6 20. Rac1 Bg5) 19. a4 (19. Bh6 {looks sharper.} a4 20. Rac1 Bd6 21. g3) 19... b4 20. Ne2 Bf6 21. Rac1 c5 22. Bb5 {[%emt 0:00:21] dxc5 would be deadly.} c4 {[%emt 0:08:06] [#]} 23. Bxc4 $1 dxc4 24. Qxb7 {[%emt 0:00:04] And now Qb5 would win.} Nb6 25. Ra1 Re6 26. Bg3 (26. Be5 {seems wilder.} Bg5 27. Qe4 f6 28. Qg4) 26... g5 27. Qf3 Qd5 28. Qg4 {[%emt 0:04:29] Threatens to win with Nf4.} Kh8 (28... Bg7 $11 {remains equal.}) 29. Qh5 Re7 (29... Kg8 $14) 30. Qh6 ({Better is} 30. Bh2 $16) 30... Re6 $11 31. Qh5 (31. Rdb1 $11) 31... Re7 $16 32. Kh1 Qd7 33. Qf3 Bg7 34. Be5 Nxa4 $2 (34... f5 $16 {was necessary.}) 35. Ng3 $2 ({Only move:} 35. Bxg7+ $1 $18 Kxg7 36. Ng3) 35... f6 $14 (35... Nxb2 $2 36. Bxg7+ Kxg7 37. Rxa5 $18) 36. Bxf6 $40 {[%emt 0:00:15][%mdl 128] White attacks.} Rf8 $2 (36... Nxb2 $1 $14 37. Bxe7 Nxd1) 37. Bxg7+ $18 Kxg7 38. Qe2 (38. Nh5+ $18 {is the precise move to win.} Kg8 39. Nf6+ Kh8 40. Nxd7 Rxf3 41. Rxa4 Rxf2 42. Ne5) 38... c3 $16 39. b3 Nb2 40. Rdb1 Qd5 {[%emt 0:01:10] [#]} 41. Qc2 ({White should try} 41. Rxb2 $1 $16 cxb2 42. Qxb2) 41... Ref7 {[%emt 0:00:28] [#]} (41... Kh8 $14) 42. f3 $1 Re8 43. Ne4 (43. e4 $16 Qxd4 44. Rxa5) 43... Rc7 $2 (43... h5 $11) 44. Rxb2 $18 {[%emt 0:00:38] White is clearly winning.} cxb2 45. Qxc7+ Kg6 46. Rb1 (46. Qxa5 $2 {is the wrong capture.} Qxa5 47. Rxa5 b1=Q+ $19) (46. Rxa5 b1=Q+ 47. Kh2 Qbxb3 $18) 46... Qxb3 47. Qxa5 Qxe3 48. Qb6+ Kf7 49. Qf6+ ({Less strong is} 49. Rxb2 Rxe4 50. fxe4 (50. Rxb4 Qc1+ 51. Kh2 Qf4+ 52. Kg1 Qc1+ 53. Kh2 Qf4+ 54. Kg1 Qc1+ 55. Kh2 $11) 50... Qc1+ 51. Kh2 Qxb2 $18) 49... Kg8 50. Qxg5+ {[%emt 0:00:47] Artfully played by Aripov.   Weighted Error Value: White=0.38/Black=0.48} 1-0

[Event "10th Cherry Blossom Classic 2023"]
[Site "Dulles"]
[Date "2023.05.27"]
[Round "4.23"]
[White "Tahmassebi, Bijan"]
[Black "Samuelson, Andrew"]
[Result "0-1"]
[ECO "B94"]
[WhiteElo "2201"]
[BlackElo "2019"]
[Annotator "TA"]
[PlyCount "125"]
[EventDate "2023.05.24"]
[EventType "swiss"]
[EventCountry "USA"]
[SourceTitle "playchess.com"]
[Source "ChessBase"]
[SourceQuality "1"]
[TimeControl "5400+30"]

1. e4 {[%emt 0:00:03] Fernandez,Daniel Howard} c5 2. Nf3 d6 3. d4 cxd4 4. Nxd4 Nf6 5. Nc3 a6 6. Bg5 Nbd7 7. Qe2 {[%emt 0:00:07] B94: Sicilian Najdorf: 6 Bg5 Nbd7.} e6 8. f4 {[%emt 0:00:11] 8.f4 is better than 8.0-0-0.} h6 9. Bh4 {[%emt 0:00:31] White has an edge.} e5 10. fxe5 dxe5 {[%emt 0:00:05] And now ...g5 would win.} 11. Nf5 Nb6 {[%emt 0:00:47] [#]} 12. Bxf6 $146 ({White should play} 12. Rd1 Qc7 13. Bxf6 gxf6 14. Ne3) ({Predecessor:} 12. Qf3 Bxf5 13. Qxf5 Be7 14. Bd3 Nfd7 15. Bxe7 Qxe7 16. O-O-O O-O 17. Kb1 Nc5 18. Be2 Rad8 19. Qf2 Qc7 20. Qe3 Qc6 21. Rhe1 Rfe8 22. a3 Kf8 {½-½ Anand,V (2773)-Nepomniachtchi,I (2763) Tata Steel-A 81st 2019 (6)}) 12... Qxf6 $11 13. O-O-O Bb4 14. Qd3 O-O 15. Ne3 Be6 16. Ncd5 Bxd5 17. exd5 {[%emt 0:02:28] White is weak on the dark squares} (17. Nxd5 $11 Nxd5 18. exd5) 17... Rfd8 18. c4 ({White should try} 18. Qe4 $1 $15 Qf4 19. Qxf4 exf4 20. Nc4 Nxd5 21. Be2) 18... Rac8 {[%emt 0:00:22][%cal Oe5e4] Black is more active.} (18... Bc5 {looks sharper.} 19. Nc2 e4 20. Qb3 Nc8) 19. Kb1 Bc5 $1 20. Nc2 Re8 (20... e4 $1 $17 21. Qb3 g6) 21. Qe4 (21. Qc3 $11 {remains equal.}) 21... Qf4 (21... Na4 $1 $17 {aiming for ...Qb6.} 22. Qf3 (22. Bd3 g6 $17) 22... Be7) 22. Qxf4 exf4 23. Bd3 (23. b4 $5 Be7 24. d6 $11) 23... a5 24. Rhe1 g6 25. b3 Nd7 26. a3 ({Better is} 26. Rxe8+ $14 Rxe8 27. Kb2) 26... b6 (26... Rxe1 $1 $11 27. Rxe1 Bd6) 27. b4 (27. Rxe8+ $14 Rxe8 28. b4) 27... axb4 (27... Rxe1 $1 $11 28. Rxe1 Bd6) 28. axb4 Bd6 29. Rxe8+ Rxe8 30. Kb2 Ne5 31. Kc3 Rc8 (31... Kf8 $14) 32. Nd4 $16 Ng4 33. Nb5 Be5+ {[%emt 0:00:41] [#]} 34. Kb3 $1 Ne3 {[%emt 0:00:42] [#]} 35. Rd2 f5 36. Ra2 (36. d6 $18) 36... Kg7 (36... Kf7 $16 {might work better.}) 37. Ra7+ (37. d6 $18) 37... Kf6 38. d6 (38. Rb7 $16 Rb8 39. Rxb8 Bxb8 40. d6) 38... Nxg2 $11 39. d7 Rd8 40. c5 bxc5 41. bxc5 f3 42. c6 Nf4 43. Bc4 Ne6 44. Bxe6 Kxe6 45. Nd4+ $2 Bxd4 $19 46. c7 Kxd7 (46... Rxd7 $2 47. Ra6+ (47. c8=R Rxa7 48. Rc1 f2 49. Rf1 Ra1) 47... Ke7 48. c8=Q $18 (48. c8=B $2 {loses.} f2 $19)) 47. cxd8=Q+ Kxd8 {[%emt 1:10:42][%mdl 4096] Endgame KR-KB} 48. Ra4 Be5 {[%emt 0:00:00][%cal Of3f2] Hoping for ...f2!} 49. Ra2 g5 50. Kc4 Ke7 {[%emt 0:00:00] Strongly threatening ...g4.} 51. Kd3 g4 52. Ke3 Kf6 53. h3 h5 ({Not} 53... gxh3 54. Kxf3 Kg6 55. Re2 $15) 54. hxg4 hxg4 55. Ra6+ Kg5 56. Ra5 Bf4+ 57. Kf2 Bd6 58. Rd5 Bc7 59. Rb5 Kf6 60. Rb7 Be5 {[%emt 0:00:00] ( -> ...f4)} 61. Rd7 f4 62. Rd8 Kf5 63. Rd1 {[%emt 0:00:32] Quite a comeback for Black.   Weighted Error Value: White=0.59/Black=0.17 (very precise)} 0-1

[Event "10th Cherry Blossom Classic 2023"]
[Site "Dulles"]
[Date "2023.05.27"]
[Round "4.24"]
[White "Shoykhet, Benjamin"]
[Black "Laddha, Yash Jayesh"]
[Result "0-1"]
[ECO "A20"]
[WhiteElo "1919"]
[BlackElo "2195"]
[Annotator "TA"]
[PlyCount "64"]
[EventDate "2023.05.24"]
[EventType "swiss"]
[EventCountry "USA"]
[SourceTitle "playchess.com"]
[Source "ChessBase"]
[SourceQuality "1"]
[TimeControl "5400+30"]

1. c4 e5 2. g3 c6 3. d4 e4 4. d5 Bb4+ 5. Bd2 Qe7 6. a3 {[%emt 0:00:35] A20: English Opening: 1...e5.} Bxd2+ 7. Qxd2 {[%emt 0:00:10] [#]} f5 $146 ({Predecessor:} 7... cxd5 8. cxd5 d6 9. Nc3 Nf6 10. Bg2 O-O 11. Nh3 Na6 12. b4 h6 13. O-O Bd7 {1-0 Oparin,G (2685)-Sadhwani,R (2619) Titled Tuesday intern op 31st May Early blitz 2022 (7)}) 8. Nc3 {[%emt 0:05:00] The position is equal.} Nf6 9. Bh3 g6 10. b4 (10. d6 $11 Qe6 11. Bf1) 10... O-O 11. Bg2 Ng4 (11... b6 $15) 12. Nd1 {[%emt 0:03:37] [#]} (12. Nh3 $11) 12... a5 $1 $15 {[%emt 0:05:31] aiming for ...axb4.} 13. Rb1 (13. d6 Qf7) 13... axb4 14. axb4 d6 15. h4 (15. Nh3 $11 {keeps the balance.}) 15... Nd7 $17 16. Nh3 Nde5 17. dxc6 bxc6 18. Qc3 (18. Qc1 $17) 18... Be6 $36 {[%emt 0:03:13][%mdl 2048] Black is on the roll.} 19. c5 Bc4 {[%emt 0:02:53] White is weak on the light squares} 20. cxd6 Qxd6 21. Ne3 (21. Nf4 $142) 21... Bb5 (21... Qf6 $19 {[%cal Oe5f3] has better winning chances. ( -> ...Nf3+!)} 22. Rc1 (22. Nxc4 $2 Nf3+ $19 {[%mdl 64] Discovered Attack}) 22... Nxe3 23. Qxe3 Rfb8) 22. Nxg4 (22. Qb3+ $142 Kh8 23. Nxg4 Nxg4 24. O-O) 22... Nxg4 ({Better is} 22... fxg4 $17 23. Nf4 Nf3+ 24. Bxf3 (24. exf3 $2 exf3 25. Bxf3 gxf3 $19) 24... gxf3 25. Qb3+ (25. Rd1 $2 Qe7 $19) 25... Rf7) 23. h5 e3 (23... gxh5 24. Nf4 $11) (23... Ne5 $142 {...Qf6 is the strong threat.} 24. hxg6 hxg6) 24. f4 $2 (24. O-O $17) 24... Qd2+ {[%emt 0:01:50][%mdl 64] Decoy} (24... gxh5 25. Bf3 $17 (25. Ng5 $2 Ra3 $19)) 25. Qxd2 exd2+ 26. Kxd2 Ra2+ (26... gxh5 27. Ng1 $17) 27. Kc3 Ne3 {[%emt 0:02:39] Hoping for ...Rc2+.} (27... Rxe2 $2 28. Bf1 Re3+ 29. Kd4 $19) (27... gxh5 28. Bf3 $17) 28. Bf3 {[%emt 0:01:52] [#]} Rd8 $2 ({Not} 28... Bxe2 29. Bxe2 Nd5+ 30. Kd3 $16) (28... Rc2+ $1 $19 29. Kd4 Ng4 30. Bxg4 fxg4) 29. Rhc1 Rdd2 {[%emt 0:03:46] Black is much more active.} ({Black should play} 29... Ra3+ $17 30. Rb3 Nd1+ 31. Rxd1 Rxb3+ 32. Kxb3 Rxd1) 30. Ra1 $2 {[%emt 0:01:38][%mdl 8192] [#]} (30. h6 $11) 30... Nd1+ $1 {[%emt 0:01:02][%mdl 576] Deflection. Black mates.} 31. Rxd1 Rac2+ 32. Kb3 Bc4+ {[%emt 0:00:03] Magnificent play by Laddha!   Weighted Error Value: White=0.69/Black=0.38} 0-1

[Event "10th Cherry Blossom Classic 2023"]
[Site "Dulles"]
[Date "2023.05.27"]
[Round "4.25"]
[White "Martin, Sam B"]
[Black "Hu, Merric"]
[Result "1-0"]
[ECO "D70"]
[WhiteElo "2067"]
[BlackElo "2022"]
[Annotator "NA RC"]
[PlyCount "97"]
[EventDate "2023.05.24"]
[EventType "swiss"]
[EventCountry "USA"]
[SourceTitle "playchess.com"]
[Source "ChessBase"]
[SourceQuality "1"]
[TimeControl "5400+30"]

1. d4 Nf6 2. c4 g6 3. f3 d5 4. cxd5 Nxd5 5. e4 Nb6 6. Nc3 Bg7 7. Be3 O-O 8. Qd2 e5 9. d5 c6 10. h4 cxd5 11. exd5 N8d7 12. h5 Nf6 13. hxg6 fxg6 14. O-O-O Bd7 15. Kb1 Rc8 16. d6 e4 17. fxe4 Ng4 18. Bg5 Qe8 19. Nf3 Rf7 20. Be7 Bxc3 21. bxc3 Na4 22. Rc1 h6 23. Qd4 Be6 24. c4 Rxe7 25. dxe7 Qxe7 26. c5 Nxc5 27. Bc4 b6 28. Ne5 Rd8 29. Bxe6+ Nxe6 30. Qb2 Nxe5 31. Qxe5 Qb4+ 32. Ka1 Qd4+ 33. Qxd4 Rxd4 34. Rhd1 Rxd1 35. Rxd1 Nc5 36. e5 Kf7 37. Rd6 h5 38. Kb2 g5 39. Kc2 h4 40. Rh6 b5 41. Kc3 Ne6 42. Kd3 a5 43. Ke4 b4 44. Kf5 Nd4+ 45. Kxg5 a4 46. Rxh4 Nc2 47. Kf5 Ne3+ 48. Ke4 Nc4 49. Kd4 1-0